 Dungeon Crawl Stone Soup version 0.30.1-3-gfc49f6343a (webtiles) character file.

Game seed: 5466402104163398038

18 wingedge the Caller (level 2, -2/24 HPs)
             Began as a Demigod Wanderer on July 27, 2023.
             Slain by an endoplasm (3 damage)
             ... on level 1 of the Dungeon.
             The game lasted 00:11:45 (818 turns).

wingedge the Caller (Demigod Wanderer)               Turns: 818, Time: 00:11:46

Health: -2/24      AC:  2    Str: 13    XL:     2   Next: 36%
Magic:  2/5        EV: 11    Int: 14    God:
Gold:   39         SH:  0    Dex: 13    Spells: 2/3 levels left

rFire   . . .        h - +0 short sword
rCold   . . .        (no shield)
rNeg    . . .        d - +0 robe
rPois   .            (no helmet)
rElec   .            (no cloak)
rCorr   .            (no gloves)
SInv    .            (no boots)
Will    .....        (no amulet)
Stlth   +            (no ring)
HPRegen 0.24/turn    (no ring)
MPRegen 0.09/turn

%: no passive effects
@: mighty, about to teleport
A: high MP 1, forlorn, divine attributes
a: no special abilities


You were on level 1 of the Dungeon.
You visited 1 branch of the dungeon, and saw 1 of its levels.

You collected 39 gold pieces.

Inventory:

Hand Weapons
 a - a +0 club
 f - a +0 dagger
 h - a +0 short sword (weapon)
Armour
 d - a +0 robe (worn)
Wands
 b - a wand of flame (6)
Scrolls
 i - a scroll of fear {unknown}
 j - a scroll of magic mapping {unknown}
Potions
 c - a potion of attraction


   Skills:
 - Level 2.0 Fighting
 - Level 1.0 Armour
 - Level 1.0 Dodging
 - Level 1.0 Spellcasting
 + Level 2.7 Summonings
 - Level 2.6 Evocations


You had 2 spell levels left.
You knew the following spells:

 Your Spells              Type           Power      Damage    Failure   Level
a - Summon Small Mammal   Summ           32%        N/A       9%          1

Your spell library contained the following spells:

 Spells                   Type           Power      Damage    Failure   Level
 Call Imp                 Summ           16%        N/A       13%         2
 Animate Armour           Summ/Erth      8%         N/A       83%         4


Dungeon Overview and Level Annotations

Branches:
Dungeon (1/15)


Innate Abilities, Weirdness & Mutations

You have an increased reservoir of magic. (+10% MP)
You shall have no god before yourself.
Your divine heritage dramatically boosts your attributes as you level up.


Message History

The hobgoblin is severely wounded.
Your bat misses the hobgoblin.
Your bat closely misses the quokka.
The quokka twitches its whiskers.
The quokka bites your bat. The hobgoblin closely misses your rat.
The endoplasm freezes you.
You are frozen.
Your rat barely misses the hobgoblin.
You hit the hobgoblin.
The hobgoblin is almost dead.
Your bat hits the hobgoblin but does no damage.
Your bat misses the hobgoblin. The hobgoblin misses your bat.
The endoplasm hits you. The quokka closely misses your rat.
Your rat closely misses the hobgoblin.
You catch the helpless hobgoblin completely off-guard!
You hit the hobgoblin.
You kill the hobgoblin!
Your bat barely misses the quokka.
The endoplasm freezes you.
You are frozen.
The quokka bites your rat.
Your rat barely misses the quokka.
You barely miss the goblin.
The goblin is severely wounded.
Your bat hits the quokka but does no damage.
The quokka bites your rat.
Your rat dies!
Your rat's corpse disappears in a puff of smoke!
The endoplasm hits you. The goblin hits you with a +0 dagger.
* * * LOW HITPOINT WARNING * * *
As you read the scroll of teleportation, it crumbles to dust.
You feel strangely unstable.
Your bat hits the quokka. The goblin hits you with a +0 dagger.
* * * LOW HITPOINT WARNING * * *
The endoplasm freezes you.
You are frozen.
* * * LOW HITPOINT WARNING * * *
It was a potion of might.
You feel very mighty all of a sudden.
The quokka bites you but does no damage.
The goblin hits you with a +0 dagger.
* * * LOW HITPOINT WARNING * * *
The endoplasm hits you.
You die...

..###.# ###.#..##.# #. #..##.####
##'..##.# #. ##.##.#.. ##...##.#
#. .#....#.##### #....##.# #.
.######...[.# ###....##.# #.
...##...# ##......##.# #.
....'#### ##+....♣..##.# ##
......###+###..grb....##.# ##
...........[...J@.....##.#######.
§##..###.......#####.............
.....# ..... #.###.########
###.†# .... #.# #.# #.†# .....
#.# #>#### #..#.# ..
#.###....##### ###....# .
.#####.##...#...... .....###
...............##### .......#
###.##..#.....######


You could see an endoplasm, a quokka (ally target), a goblin and a friendly bat
(summoned).

Vanquished Creatures
  An endoplasm (D:1)
  A hobgoblin (D:1)
  2 quokkas (D:1)
  A ball python (D:1)
  3 bats (D:1)
  2 kobolds (D:1)
  A rat (D:1)
11 creatures vanquished.

Vanquished Creatures (collateral kills)
  A bat (D:1)
  An endoplasm (D:1)
  A goblin (D:1)
  A hobgoblin (D:1)
  A frilled lizard (D:1)
5 creatures vanquished.

Grand Total: 16 creatures vanquished

Notes
Turn   | Place    | Note
-------+----------+-------------------------------------------
     0 | D:1      | wingedge the Demigod Wanderer began the quest for the Orb.
     0 | D:1      | wingedge set off with the following items: a +0 club, a
                  | wand of flame (6), a potion of attraction, a +0 robe, a
                  | scroll of teleportation; and the following spell memorised:
                  | Summon Small Mammal; and the following spells available to
                  | memorise: Call Imp, Animate Armour.
     0 | D:1      | Reached XP level 1. HP: 17/17 MP: 4/4
   413 | D:1      | Reached XP level 2. HP: 18/24 MP: 1/5
   818 | D:1      | HP: 1/24 [goblin/+0 dagger (3)]
   818 | D:1      | Slain by an endoplasm

Illustrated notes

Levels and vault maps discovered:
D:1:      nicolae_arrival_somewhat_less_tricky_arrival, layout_loops_ring,
          serial_park_tiny_1

Skill      XL: |  1 |
---------------+----+-----
Fighting       | 2 |  2.0
Summonings     | 2 |  2.7
Armour         | |  1.0
Dodging        | |  1.0
Spellcasting   | |  1.0
Evocations     | |  2.6

Action                     || total
---------------------------++-------
  Melee: Dagger            ||    14
         Short sword       ||    36
         Club              ||     4
         Punch             ||     2
   Cast: Summon Small Mamm ||    22
    Use: Scroll            ||     1
         Potion            ||     1
   Stab: Distracted        ||     1
 Armour: Robe              ||    17
  Dodge: Dodged            ||    36
